NYP
EVERETT AQUASOX @ ABERDEEN IRONBIRDS
08/22/2044
 
TOP OF THE 1ST
Everett AquaSox batting - Pitching for Aberdeen Ironbirds : RHP Matt Talaski
Pitching: RHP Matt Talaski
Batting: RHB Kikuo Sato 0-0: Foul Ball, location: 2F
0-1: Swinging Strike
0-2: Fly out, F6 (Flyball, 6D, EV 92.5 MPH)
Batting: RHB Josh Mauer 0-0: Ball
1-0: Ball
2-0: Ball
3-0: Called Strike
3-1: Base on Balls
Batting: RHB John Peterson 0-0: Ball
Josh Mauer is caught stealing 2nd base 2-4
1-0: Ball
2-0: SINGLE (Groundball, 6S, EV 72.5 MPH) (infield hit)
Batting: LHB Jawad Fahad 0-0: Called Strike
John Peterson steals 2nd, throwing error, E2
John Peterson to third
0-1: Ball
1-1: Ball
2-1: Foul Ball, location: 2F
2-2: Foul Ball, location: 2F
2-2: Strikes out looking
Top of the 1st over - 0 runs, 1 hit, 1 error, 1 left on base; Everett 0 - Aberdeen 0
BOTTOM OF THE 1ST
Aberdeen Ironbirds batting - Pitching for Everett AquaSox : RHP Jose Albarran
Pitching: RHP Jose Albarran
Batting: LHB Andrew Erens 0-0: Swinging Strike
0-1: SINGLE (Line Drive, 6MD, EV 101.9 MPH)
Batting: LHB Tim Mulholland 0-0: Ball
Andrew Erens steals 2nd base (no throw)
1-0: Ball
2-0: Called Strike
2-1: Ball
3-1: Ground out 4-3 (Groundball, 4S, EV 67.5 MPH)
Andrew Erens to third
Batting: RHB Edwin Ramos 0-0: Ball
1-0: Fly out, F8 (Flyball, 8LS, EV 93.8 MPH)
Batting: LHB Jose Bethancourt 0-0: Ball
1-0: Foul Ball, location: 2F
1-1: Ball
2-1: Fly out, F9 (Flyball, 9LD, EV 86.3 MPH)
Bottom of the 1st over - 0 runs, 1 hit, 0 errors, 1 left on base; Everett 0 - Aberdeen 0
TOP OF THE 2ND
Everett AquaSox batting - Pitching for Aberdeen Ironbirds : RHP Matt Talaski
Batting: RHB Hideo Okimura 0-0: Called Strike
0-1: Called Strike
0-2: SINGLE (Groundball, 34D, EV 97.5 MPH)
Batting: LHB Kenny Gerrity 0-0: Foul Ball, location: 2F
0-1: TRIPLE (Flyball, 89XD, EV 95.0 MPH)
Hideo Okimura scores
Batting: RHB Clay Statum 0-0: Foul Ball, location: 2F
0-1: Ball
1-1: Foul Ball, location: 2F
1-2: Foul Ball, location: 2F
1-2: Foul Ball, location: 2F
1-2: Ball
Wild Pitch!
Kenny Gerrity scores
2-2: Foul Ball, location: 2F
2-2: Foul Ball, location: 2F
2-2: SINGLE (Groundball, 56S, EV 69.4 MPH) (infield hit)
Batting: LHB David Walker 0-0: Ground out 6-3 (Groundball, P, EV 89.4 MPH)
Clay Statum to second
Batting: SHB Ryan Clark 0-0: Ball
1-0: Ball
2-0: Ball
3-0: Base on Balls
Batting: RHB Kikuo Sato 0-0: Ball
1-0: Called Strike
1-1: Ball
2-1: Called Strike
2-2: Strikes out swinging
Batting: RHB Josh Mauer 0-0: Fielders Choice at 2nd, 6-4 (Groundball, 6, EV 85.0 MPH)
Top of the 2nd over - 2 runs, 3 hits, 0 errors, 2 left on base; Everett 2 - Aberdeen 0
BOTTOM OF THE 2ND
Aberdeen Ironbirds batting - Pitching for Everett AquaSox : RHP Jose Albarran
Batting: LHB David Best 0-0: Swinging Strike
0-1: SINGLE (Groundball, 4M, EV 88.1 MPH) (infield hit)
Batting: SHB Hugo Moreno 0-0: Foul Ball, location: 2F
0-1: Foul Ball, location: 2F
0-2: Strikes out swinging
Batting: RHB Lee Deason 0-0: Fly out, F7 (Line Drive, 7D, EV 105.0 MPH)
Batting: SHB Tyler Myatt 0-0: Ball
1-0: Ball
2-0: Called Strike
2-1: Ball
3-1: Fly out, F8 (Line Drive, 8LD, EV 91.3 MPH)
Bottom of the 2nd over - 0 runs, 1 hit, 0 errors, 1 left on base; Everett 2 - Aberdeen 0
TOP OF THE 3RD
Everett AquaSox batting - Pitching for Aberdeen Ironbirds : RHP Matt Talaski
Batting: RHB John Peterson 0-0: Ball
1-0: Swinging Strike
1-1: Ball
2-1: Ball
3-1: Base on Balls
Batting: LHB Jawad Fahad 0-0: Ball
John Peterson is caught stealing 2nd base 2-6
1-0: Foul Ball, location: 2F
1-1: Ground out U3 (Groundball, 3, EV 85.6 MPH)
Batting: RHB Hideo Okimura 0-0: Called Strike
0-1: Ball
1-1: Foul Ball, location: 2F
1-2: Foul Ball, location: 2F
1-2: Ball
2-2: Foul Ball, location: 2F
2-2: Ball
3-2: Strikes out looking
Top of the 3rd over - 0 runs, 0 hits, 0 errors, 0 left on base; Everett 2 - Aberdeen 0
BOTTOM OF THE 3RD
Aberdeen Ironbirds batting - Pitching for Everett AquaSox : RHP Jose Albarran
Batting: RHB Juan Estrada 0-0: Called Strike
0-1: Called Strike
0-2: SINGLE (Groundball, 5D, EV 94.4 MPH)
Batting: LHB Andrew Erens 0-0: Called Strike
0-1: Ball
1-1: Swinging Strike
1-2: Strikes out looking
Batting: LHB Tim Mulholland 0-0: Swinging Strike
Passed Ball!
Juan Estrada to second
0-1: Ground out 6-3 (Groundball, 6, EV 84.4 MPH)
Batting: RHB Edwin Ramos 0-0: Ball
1-0: Ball
2-0: Ball
3-0: Called Strike
3-1: Swinging Strike
3-2: Strikes out swinging
Bottom of the 3rd over - 0 runs, 1 hit, 0 errors, 1 left on base; Everett 2 - Aberdeen 0
TOP OF THE 4TH
Everett AquaSox batting - Pitching for Aberdeen Ironbirds : RHP Matt Talaski
Batting: LHB Kenny Gerrity 0-0: Ball
1-0: Called Strike
1-1: Foul Ball, location: 2F
1-2: Ground out 6-3 (Groundball, 6M, EV 80.6 MPH)
Batting: RHB Clay Statum 0-0: Foul Ball, location: 2F
0-1: Called Strike
0-2: Ball
1-2: Fly out, F8 (Line Drive, 8RD, EV 98.1 MPH)
Batting: LHB David Walker 0-0: Ball
1-0: Ground out 6-3 (Groundball, 6M, EV 110.0 MPH)
Top of the 4th over - 0 runs, 0 hits, 0 errors, 0 left on base; Everett 2 - Aberdeen 0
BOTTOM OF THE 4TH
Aberdeen Ironbirds batting - Pitching for Everett AquaSox : RHP Jose Albarran
Batting: LHB Jose Bethancourt 0-0: Ball
1-0: Foul Ball, location: 2F
1-1: Swinging Strike
1-2: SINGLE (Line Drive, 78S, EV 109.4 MPH)
Batting: LHB David Best 0-0: Ball
1-0: Called Strike
1-1: Swinging Strike
1-2: Foul Ball, location: 2F
1-2: Ball
2-2: 2-RUN HOME RUN (Flyball, 9LD, EV 94.4 MPH), Distance : 360 ft
Batting: SHB Hugo Moreno 0-0: Ball
1-0: Ball
2-0: Called Strike
2-1: Called Strike
2-2: Strikes out swinging
Batting: RHB Lee Deason 0-0: Called Strike
0-1: Ball
1-1: Ball
2-1: Ball
3-1: TRIPLE (Line Drive, 89XD, EV 105.0 MPH)
Batting: SHB Tyler Myatt 0-0: Fly out, F3 (Line Drive, 3, EV 70.6 MPH)
Batting: RHB Juan Estrada 0-0: Ball
1-0: Swinging Strike
1-1: Ball
2-1: Foul Ball, location: 2F
2-2: Ball
3-2: SINGLE (Groundball, 6MD, EV 100.0 MPH)
Lee Deason scores
Batting: LHB Andrew Erens 0-0: Foul Ball, location: 2F
0-1: Ball
1-1: Ball
2-1: Ball
3-1: 2-RUN HOME RUN (Line Drive, 89XD, EV 104.4 MPH), Distance : 433 ft
Batting: LHB Tim Mulholland 0-0: Ball
1-0: SOLO HOME RUN (Flyball, 9D, EV 98.1 MPH), Distance : 387 ft
Pitching: RHP Stewart Wilson
Batting: RHB Edwin Ramos 0-0: Called Strike
0-1: Swinging Strike
0-2: Strikes out swinging
Bottom of the 4th over - 6 runs, 6 hits, 0 errors, 0 left on base; Everett 2 - Aberdeen 6
TOP OF THE 5TH
Everett AquaSox batting - Pitching for Aberdeen Ironbirds : RHP Matt Talaski
Batting: SHB Ryan Clark 0-0: Called Strike
0-1: Ball
1-1: Ball
2-1: Ball
3-1: Base on Balls
Batting: RHB Kikuo Sato 0-0: Swinging Strike
0-1: Foul Ball, location: 2F
0-2: Strikes out looking
Pitching: LHP Roger Farley
Batting: RHB Josh Mauer 0-0: Ball
1-0: Called Strike
1-1: DOUBLE (Line Drive, 7LM, EV 106.9 MPH)
Ryan Clark to third
Batting: RHB John Peterson 0-0: Ball
1-0: Ball
2-0: Called Strike
2-1: Ball
3-1: Foul Ball, location: 2F
3-2: Strikes out swinging
Batting: LHB Jawad Fahad 0-0: Ground out 6-3 (Groundball, 6M, EV 85.0 MPH)
Top of the 5th over - 0 runs, 1 hit, 0 errors, 2 left on base; Everett 2 - Aberdeen 6
BOTTOM OF THE 5TH
Aberdeen Ironbirds batting - Pitching for Everett AquaSox : RHP Stewart Wilson
Batting: LHB Jose Bethancourt 0-0: Called Strike
0-1: Ball
1-1: Ball
2-1: Ball
3-1: Foul Ball, location: 2F
3-2: Ground out 2-3 (Groundball, 2R, EV 73.1 MPH)
Batting: LHB David Best 0-0: Ball
1-0: Ball
2-0: Called Strike
2-1: Ball
3-1: Base on Balls
Batting: SHB Hugo Moreno Pickoff Throw to First - Out! 1-3
0-0: Ball
1-0: Ball
2-0: Ball
3-0: Called Strike
3-1: Base on Balls
Batting: RHB Lee Deason 0-0: Ball
1-0: Called Strike
1-1: Fielders Choice at 2nd, 6-4 (Groundball, 6MD, EV 86.9 MPH)
Bottom of the 5th over - 0 runs, 0 hits, 0 errors, 1 left on base; Everett 2 - Aberdeen 6
TOP OF THE 6TH
Everett AquaSox batting - Pitching for Aberdeen Ironbirds : LHP Roger Farley
Batting: RHB Hideo Okimura 0-0: Called Strike
0-1: Swinging Strike
0-2: Fly out, F7 (Flyball, 7, EV 91.3 MPH)
Batting: LHB Kenny Gerrity 0-0: Ground out 5-3 (Groundball, 56, EV 83.1 MPH)
Batting: RHB Clay Statum 0-0: Ball
1-0: SINGLE (Groundball, 6M, EV 92.5 MPH) (infield hit)
Batting: LHB David Walker 0-0: Called Strike
0-1: DOUBLE (Line Drive, 5D, EV 107.5 MPH)
Clay Statum to third
Runner from 3rd tries for Home, SAFE, no throw by LF
Batting: SHB Ryan Clark 0-0: Ball
1-0: Foul Ball, location: 2F
1-1: Ball
2-1: Swinging Strike
2-2: SINGLE (Flyball, 78S, EV 93.1 MPH)
David Walker to third
Batting: RHB Kikuo Sato 0-0: Called Strike
0-1: Ball
1-1: Ground out U3 (Groundball, 3, EV 98.8 MPH)
Top of the 6th over - 1 run, 3 hits, 0 errors, 2 left on base; Everett 3 - Aberdeen 6
BOTTOM OF THE 6TH
Aberdeen Ironbirds batting - Pitching for Everett AquaSox : RHP Stewart Wilson
Batting: SHB Tyler Myatt 0-0: Swinging Strike
0-1: Ball
1-1: Ball
2-1: Swinging Strike
2-2: Foul Ball, location: 2F
2-2: Foul Ball, location: 2F
2-2: Ball
3-2: Strikes out swinging
Batting: RHB Juan Estrada 0-0: Ball
1-0: SINGLE (Line Drive, 8RS, EV 98.8 MPH)
Batting: LHB Andrew Erens 0-0: Fly out, F8 (Flyball, 89D, EV 96.9 MPH)
Batting: LHB Tim Mulholland 0-0: SINGLE (Groundball, 4MD, EV 95.6 MPH)
Juan Estrada to second
Batting: RHB Edwin Ramos 0-0: Swinging Strike
0-1: Swinging Strike
0-2: Strikes out swinging
Bottom of the 6th over - 0 runs, 2 hits, 0 errors, 2 left on base; Everett 3 - Aberdeen 6
TOP OF THE 7TH
Everett AquaSox batting - Pitching for Aberdeen Ironbirds : LHP Roger Farley
Pitching: LHP Josh Binyon
Batting: RHB Josh Mauer 0-0: Ball
1-0: Ball
2-0: Swinging Strike
2-1: Ground out 6-3 (Groundball, 6, EV 79.4 MPH)
Batting: RHB John Peterson 0-0: Ball
1-0: Ball
2-0: Ball
3-0: Base on Balls
Batting: LHB Jawad Fahad 0-0: Ball
1-0: Ball
2-0: Swinging Strike
2-1: Swinging Strike
2-2: Strikes out swinging
Batting: RHB Hideo Okimura 0-0: Ball
John Peterson steals 2nd, throwing error, E2
John Peterson to third
1-0: Called Strike
1-1: Fly out, F8 (Flyball, 8LS, EV 82.5 MPH)
Top of the 7th over - 0 runs, 0 hits, 1 error, 1 left on base; Everett 3 - Aberdeen 6
BOTTOM OF THE 7TH
Aberdeen Ironbirds batting - Pitching for Everett AquaSox : RHP Stewart Wilson
Pitching: LHP Mike Stewart
Batting: LHB Jose Bethancourt 0-0: Called Strike
0-1: Called Strike
0-2: Ball
1-2: SINGLE (Groundball, 6S, EV 73.1 MPH) (infield hit)
Batting: LHB David Best 0-0: SINGLE (Groundball, 4D, EV 95.6 MPH)
Jose Bethancourt to second
Runner from 2nd tries for 3rd, SAFE, throw by CF made to third
Batting: SHB Hugo Moreno 0-0: Fly out, F5 (Line Drive, 5, EV 72.5 MPH)
Batting: RHB Lee Deason 0-0: Foul Ball, location: 2F
0-1: Ball
1-1: Ball
2-1: Ball
3-1: Foul Ball, location: 2F
3-2: Foul Ball, location: 2F
3-2: Strikes out swinging
Batting: SHB Tyler Myatt Pickoff Throw to First - Out! 1-3
Bottom of the 7th over - 0 runs, 2 hits, 0 errors, 1 left on base; Everett 3 - Aberdeen 6
TOP OF THE 8TH
Everett AquaSox batting - Pitching for Aberdeen Ironbirds : LHP Josh Binyon
Pitching: RHP Jon Juarez
Batting: LHB Kenny Gerrity 0-0: Ball
1-0: Ball
2-0: SINGLE (Popup, 34D, EV 65.6 MPH)
Batting: RHB Clay Statum 0-0: Ball
1-0: Swinging Strike
1-1: Ball
2-1: Called Strike
2-2: Foul Ball, location: 2F
2-2: Strikes out swinging
Batting: LHB David Walker 0-0: SINGLE (Groundball, 4MS, EV 66.9 MPH) (infield hit)
Kenny Gerrity to second
Batting: SHB Ryan Clark 0-0: Foul Ball, location: 2F
0-1: Ball
1-1: Called Strike
1-2: Fielders Choice at 2nd, 4-6 (Groundball, 4, EV 91.3 MPH)
Kenny Gerrity to third
Batting: RHB Kikuo Sato 0-0: Ball
1-0: Called Strike
Pickoff Throw to First - Error! E1
Kenny Gerrity scores
Ryan Clark to second
1-1: Fly out, F7 (Line Drive, 7, EV 95.6 MPH)
Top of the 8th over - 1 run, 2 hits, 1 error, 1 left on base; Everett 4 - Aberdeen 6
BOTTOM OF THE 8TH
Aberdeen Ironbirds batting - Pitching for Everett AquaSox : LHP Mike Stewart
Pitching: RHP Yat-sen Zhen
Batting: SHB Tyler Myatt 0-0: Ball
1-0: Fly out, F6 (Flyball, 6MD, EV 80.0 MPH)
Batting: RHB Juan Estrada 0-0: Foul Ball, location: 2F
0-1: Called Strike
0-2: Ball
1-2: Hit by Pitch
Batting: LHB Andrew Erens 0-0: Called Strike
0-1: Ball
1-1: Foul Ball, location: 2F
1-2: Ball
2-2: Fly out, F8 (Flyball, 78D, EV 106.9 MPH)
Batting: LHB Tim Mulholland 0-0: Ball
Wild Pitch!
Juan Estrada to second
1-0: Ball
2-0: Ball
3-0: Called Strike
3-1: Foul Ball, location: 2F
3-2: Base on Balls
Batting: RHB Edwin Ramos 0-0: Ball
1-0: Ball
2-0: Foul Ball, location: 2F
2-1: Foul Ball, location: 2F
2-2: Strikes out swinging
Bottom of the 8th over - 0 runs, 0 hits, 0 errors, 2 left on base; Everett 4 - Aberdeen 6
TOP OF THE 9TH
Everett AquaSox batting - Pitching for Aberdeen Ironbirds : RHP Jon Juarez
Pitching: LHP Randall Rennie
Batting: RHB Josh Mauer 0-0: Ball
1-0: Ground out 6-3 (Groundball, 6, EV 84.4 MPH)
Batting: RHB John Peterson 0-0: Ball
1-0: DOUBLE (Line Drive, 89D, EV 106.9 MPH)
Batting: LHB Jawad Fahad 0-0: Ball
1-0: Foul Ball, location: 2F
1-1: Foul Ball, location: 2F
1-2: Strikes out swinging
Batting: RHB Hideo Okimura 0-0: Ground out 4-3 (Groundball, 4, EV 111.9 MPH)
Top of the 9th over - 0 runs, 1 hit, 0 errors, 1 left on base; Everett 4 - Aberdeen 6
Thursday, March 31st , 2022 - OOTP Baseball 22.12 Build 89